 Dungeon Crawl Stone Soup version 0.30.0-5-g1a98f26d00 (webtiles) character file.

Game seed: 1208241413214247417

55812 bmack86 the Severer (level 14, -7/127 HPs)
             Began as a Minotaur Fighter on May 9, 2023.
             Was a High Priest of Okawaru.
             Mangled by a 19-headed hydra (10 damage)
             ... on level 4 of the Lair of Beasts.
             The game lasted 00:55:18 (15601 turns).

bmack86 the Severer (Minotaur Fighter)             Turns: 15601, Time: 00:55:19

Health: -7/127     AC: 44    Str: 26    XL:     14   Next: 39%
Magic:  0/19       EV:  7    Int:  8    God:    Okawaru [*****.]
Gold:   857        SH: 16    Dex: 10    Spells: 13/13 levels left

rFire   . . .        V - +3 broad axe (pain)
rCold   + + +        N - +3 kite shield of Moylos {-Tele rC+++ Regen+ Int+3}
rNeg    . . .        q - +3 crystal plate armour
rPois   .            U - +2 hat {SInv}
rElec   .            F - +2 cloak {Will+}
rCorr   +            a - +1 pair of gloves
SInv    +            e - +0 pair of boots
Will    ++...        d - amulet of guardian spirit Stlth
                     j - +4 ring of protection
HPRegen 1.21/turn    m - ring of resist corrosion
MPRegen 0.16/turn

%: no teleportation, clarity, guardian spirit
@: mighty, heroic, finesse-ful
A: horns 2, retaliatory headbutt, iridescent scales 1, see invisible, clarity,
subdued magic 1
a: Renounce Religion, Heroism, Finesse, Duel


You were on level 4 of the Lair of Beasts.
You worshipped Okawaru.
Okawaru was extremely pleased with you.
You visited 3 branches of the dungeon, and saw 18 of its levels.
You also visited: Ossuary.

You collected 1336 gold pieces.
You spent 479 gold pieces at shops.

Inventory:

Hand Weapons
 T - a +4 war axe of freezing
 V - a +3 broad axe of pain (weapon)
Missiles
 l - 33 poisoned darts
 u - 8 boomerangs
 v - 4 silver boomerangs (quivered)
 L - 9 javelins
 M - 4 throwing nets
 Q - a silver javelin
Armour
 a - a +1 pair of gloves (worn)
 e - a +0 pair of boots (worn)
 q - a +3 crystal plate armour (worn)
 F - a +2 cloak of willpower (worn)
 N - the +3 kite shield of Moylos (worn) {-Tele rC+++ Regen+ Int+3}
   (Okawaru gifted it to you on level 10 of the Dungeon)

   Int:       It affects your intelligence (+3).
   rC:        It renders you almost immune to cold.
   -Tele:     It prevents most forms of teleportation.
   Regen:     It increases your rate of health regeneration.
 U - a +2 hat of see invisible (worn)
 W - +0 storm dragon scales
Jewellery
 d - an amulet of guardian spirit (around neck)
 j - a +4 ring of protection (left hand)
 m - a ring of resist corrosion (right hand)
 n - a ring of protection from cold
 s - a ring of fire
 A - a ring of fire
Wands
 y - a wand of flame (43)
 B - a wand of polymorph (3)
 J - a wand of mindburst (3)
 O - a wand of roots (24)
 P - a wand of digging (6)
Scrolls
 h - 6 scrolls of fear
 o - 5 scrolls of magic mapping
 r - 7 scrolls of teleportation
 G - 2 scrolls of blinking
 H - a scroll of enchant weapon
 S - 2 scrolls of identify
Potions
 b - a potion of heal wounds
 f - 4 potions of ambrosia
 g - 14 potions of curing
 i - 2 potions of berserk rage
 k - 6 potions of brilliance
 p - 4 potions of magic
 w - 3 potions of flight
 x - a potion of invisibility
 z - 2 potions of cancellation
 E - 3 potions of resistance
 I - a potion of might


   Skills:
 + Level 12.9(17.9) Fighting
 * Level 17.2(22.2) Axes
 + Level 8.3(13.3) Throwing
 + Level 12.8(17.8) Armour
 + Level 12.8(17.8) Shields
 + Level 8.4 Invocations


You had 13 spell levels left.
You didn't know any spells.
Your spell library contained the following spells:

 Spells                   Type           Power      Damage    Failure   Level
 Apportation              Tloc           0%         N/A       100%        1
 Blink                    Tloc           0%         N/A       100%        2
 Lesser Beckoning         Tloc           0%         N/A       100%        2
 Static Discharge         Conj/Air       0%         2-2/arc   100%        2
 Dazzling Flash           Conj/Hex       0%         N/A       100%        3
 Gell's Gravitas          Tloc           0%         N/A       100%        3
 Teleport Other           Tloc           0%         N/A       100%        3
 Vhi's Electric Charge    Tloc/Air       0%         N/A       100%        3
 Airstrike                Air            0%         2d(0-16)  100%        4
 Manifold Assault         Tloc           0%         N/A       100%        4
 Agony                    Necr           0%         N/A       100%        5
 Alistair's Intoxication  Tmut/Pois      0%         N/A       100%        5
 Arcjolt                  Conj/Air       0%         1d10      100%        5
 Borgnjor's Vile Clutch   Necr/Erth      0%         N/A       100%        5
 Silence                  Hex/Air        0%         N/A       100%        5
 Dispersal                Tloc           0%         N/A       100%        6
 Plasma Beam              Fire/Air       0%         2x1d11    100%        6
 Storm Form               Tmut/Air       0%         N/A       100%        7
 Animate Dead             Necr           Unusable   N/A       N/A         4
 Summon Lightning Spire   Summ/Air       Unusable   N/A       N/A         4
 Death Channel            Necr           Unusable   N/A       N/A         6

Dungeon Overview and Level Annotations

Branches:
Dungeon (12/15)            Temple (1/1) D:7            Lair (5/5) D:9
 Shoals (0/4) Lair:2       Spider (0/4) Lair:3          Orc (0/2) D:11
Ossuary (visited)
  Slime: Lair:4-5

Altars:
Ashenzari
Cheibriados
Dithmenos
Elyvilon
Fedhas
Gozag
Hepliaklqana
Makhleb
Nemelex Xobeh
Okawaru
Qazlal
Ru
Trog
Uskayaw
Vehumet
Wu Jian
Xom
Yredelemnul
Zin
The Shining One

Shops:
D:6 ?   D:8 **(=**   D:9 *

Annotations:
D:4 1 runed translucent door, kmckee's ghost, amateur MiFi
Temple 2 transporters


Innate Abilities, Weirdness & Mutations

You have a pair of horns on your head.
You reflexively headbutt those who attack you in melee.
You are partially covered in iridescent scales. (AC +2)
You have supernaturally acute eyesight. (SInv)
You possess an exceptional clarity of mind.
Your spells are a little easier to cast, but a little less powerful.


Message History

The 19-headed hydra bites you but does no damage.
The 19-headed hydra barely misses you.
The 19-headed hydra bites you but does no damage.
You block the 19-headed hydra's attack.
The 19-headed hydra bites you but does no damage. x4
You block the 19-headed hydra's attack.
The 19-headed hydra bites you but does no damage.
The 19-headed hydra barely misses you. The 19-headed hydra bites you.
* * * LOW HITPOINT WARNING * * *
The 19-headed hydra bites you but does no damage. x2
The 19-headed hydra barely misses you.
The 19-headed hydra bites you but does no damage.
The 19-headed hydra barely misses you.
The 19-headed hydra bites you but does no damage.
The 19-headed hydra barely misses you.
You feel very mighty all of a sudden.
The 20-headed hydra bites you but does no damage. x4
You block the 20-headed hydra's attack. x2
The 20-headed hydra barely misses you.
The 20-headed hydra bites you but does no damage. x4
The 20-headed hydra barely misses you.
The 20-headed hydra bites you but does no damage.
You block the 20-headed hydra's attack. The 20-headed hydra bites you!
* * * LOW HITPOINT WARNING * * *
The 20-headed hydra bites you but does no damage.
The 20-headed hydra bites you.
* * * LOW HITPOINT WARNING * * *
You block the 20-headed hydra's attack. x2
The 20-headed hydra bites you but does no damage.
The 19-headed hydra closely misses you.
The 19-headed hydra bites you but does no damage. x3
You block the 19-headed hydra's attack. The 19-headed hydra barely misses you.
The 19-headed hydra bites you but does no damage. x4
The 19-headed hydra bites you!
* * * LOW HITPOINT WARNING * * *
The 19-headed hydra bites you but does no damage. x4
The 19-headed hydra completely misses you.
The 19-headed hydra bites you but does no damage.
The 19-headed hydra bites you!
You die...

#P.####...#####.<..#..####.......
...##P.#.####.......### ##......
.........##.....8....## ##......
####.P##.##....####...## #...#.#.
P# ####......### ##...####.#####
.# #.#...#########...##..# # .#
######...#.#...##....##..# ##
####...........D............## #.
###....8.....8..@D.8.....8#..####
..........................+.###..
#....##......##....#....###......
##.######....########...###......
#.## ##....#######...###P......
##..# #..#....##.....##.P.......
#..## ##...#....8....##..........
#..# #....##.......######.......
##.## #......##.>..##.# #...^...


You could see a 20-headed hydra and a 19-headed hydra.

Vanquished Creatures
  Gastronok (Lair:1)
  A dire elephant (Lair:5)
  A great orb of eyes (D:9)
  4 centaur warriors
  5 two-headed ogres
  Harold (Lair:1)
  7 death yaks
  An ogre mage (D:9)
  4 boulder beetles
  Urug (Lair:5)
  A sixfirhy (D:10)
  A sea snake (Lair:5)
  Pikel (D:8)
  2 deep elf pyromancers
  A harpy (Lair:5)
  An ugly thing (D:10)
  6 manticores
  An oklob plant (Lair:1)
  A merfolk siren (Lair:2)
  2 cyclopes
  10 elephants
  Joseph (D:7)
  Maurice (D:9)
  2 orange demons (D:10)
  Maggie (D:8)
  8 cane toads
  A gargoyle (D:11)
  3 unseen horrors
  2 tengu conjurers
  10 komodo dragons
  A hellwing (D:10)
  3 polar bears
  2 trolls
  2 hornets
  18 blink frogs
  Prince Ribbit (D:8)
  5 slime creatures
  A wyvern (Lair:5)
  A shadow (D:8)
  3 vampires
  35 yaks
  3 wraiths
  5 basilisks
  Eustachio (D:4)
  3 vampire mosquitoes (D:11)
  2 neqoxecs (D:10)
  2 steam dragons
  Grum (D:9)
  4 water moccasins
  2 acid dragons
  4 orc warriors
  6 ice beasts
  A sky beast (D:6)
  3 black bears
  3 ogres
  A boggart (D:10)
  7 centaurs
  A phantom (D:7)
  8 wolves
  An elf zombie (Ossuary)
  5 kobold brigands
  8 bullfrogs
  7 scorpions
  10 wights
  15 killer bees
  11 howler monkeys
  A quasit (D:10)
  2 hounds
  Crazy Yiuf (D:7)
  5 jellies
  3 orc priests
  A gnoll bouda (D:7)
  5 iguanas
  A sleepcap (D:6)
  A hell rat (D:9)
  13 orc wizards
  3 mummies (Ossuary)
  11 gnolls
  11 adders
  A shadow imp (D:6)
  2 white imps (D:6)
  2 ufetubi
  3 adder zombies (Ossuary)
  2 worms (Lair:3)
  A dart slug (D:2)
  34 orcs
  7 endoplasms
  5 giant cockroaches
  5 goblins
  6 hobgoblins
  2 jackals (D:2)
  28 kobolds
  5 quokkas
  4 ball pythons
  10 bats
  3 frilled lizards
  3 goblin zombies (Ossuary)
  A hobgoblin zombie (Ossuary)
  A kobold zombie (Ossuary)
  2 orc zombies (Ossuary)
  4 quokka zombies (Ossuary)
  2 rats
  3 rat zombies (Ossuary)
462 creatures vanquished.

Vanquished Creatures (others)
  An orc wizard (D:5)
1 creature vanquished.

Grand Total: 463 creatures vanquished

Notes
Turn   | Place    | Note
-------+----------+-------------------------------------------
     0 | D:1      | bmack86 the Minotaur Fighter began the quest for the Orb.
     0 | D:1      | Reached XP level 1. HP: 19/19 MP: 0/0
   162 | D:1      | Reached XP level 2. HP: 27/27 MP: 1/1
   174 | D:1      | Reached skill level 3 in Axes
  1157 | D:2      | Reached XP level 3. HP: 29/33 MP: 2/2
  1325 | D:2      | Reached XP level 4. HP: 23/40 MP: 3/3
  1705 | D:2      | Reached skill level 4 in Axes
  2081 | D:3      | Identified the staff of fire "Qez Yrul" {rPois rF+ Stlth+}
  2199 | D:3      | Reached XP level 5. HP: 47/47 MP: 4/4
  2934 | D:4      | Noticed Eustachio
  2941 | D:4      | Reached skill level 5 in Axes
  2967 | D:4      | Killed Eustachio
  2968 | D:4      | Reached skill level 5 in Fighting
  2968 | D:4      | Reached skill level 5 in Armour
  2968 | D:4      | Reached skill level 5 in Shields
  2968 | D:4      | Reached XP level 6. HP: 44/56 MP: 5/5
  3112 | D:4      | Found a runed translucent door.
  3112 | D:4      | Noticed kmckee's ghost (amateur MiFi)
  3521 | D:5      | Entered Level 5 of the Dungeon
  3583 | D:5      | Reached skill level 6 in Axes
  3625 | D:5      | Reached XP level 7. HP: 56/61 MP: 6/6
  3839 | D:5      | Found a sand-covered staircase.
  3884 | Ossuary  | Entered an ossuary
  4059 | Ossuary  | Reached skill level 7 in Axes
  4566 | D:6      | Reached XP level 8. HP: 70/70 MP: 7/7
  4636 | D:6      | Found Nianug's Magic Scroll Boutique.
  4652 | D:6      | Bought a scroll of enchant armour for 105 gold pieces
  4656 | D:6      | Bought a scroll of identify for 28 gold pieces
  4656 | D:6      | Bought a scroll of identify for 28 gold pieces
  4658 | D:6      | Gained mutation: Your body sometimes deteriorates upon
                  | taking damage. [potion of mutation]
  4658 | D:6      | Gained mutation: You passively dampen the noise of your
                  | surroundings. [potion of mutation]
  4659 | D:6      | Lost mutation: You passively dampen the noise of your
                  | surroundings. [potion of mutation]
  4659 | D:6      | Lost mutation: Your body sometimes deteriorates upon taking
                  | damage. [potion of mutation]
  4659 | D:6      | Gained mutation: You are partially covered in iridescent
                  | scales. (AC +2) [potion of mutation]
  4659 | D:6      | Gained mutation: You occasionally lose the ability to read
                  | scrolls when taking damage. [potion of mutation]
  4660 | D:6      | Lost mutation: You occasionally lose the ability to read
                  | scrolls when taking damage. [potion of mutation]
  4660 | D:6      | Lost mutation: You are partially covered in iridescent
                  | scales. (AC +2) [potion of mutation]
  4660 | D:6      | Gained mutation: You possess an exceptional clarity of
                  | mind. [potion of mutation]
  4708 | D:6      | Reached skill level 8 in Axes
  4796 | D:6      | Noticed a manticore
  4802 | D:6      | Reached skill level 9 in Axes
  4811 | D:6      | Reached XP level 9. HP: 60/79 MP: 8/8
  4865 | D:6      | Reached skill level 10 in Axes
  4865 | D:6      | Killed a manticore
  5617 | D:7      | Found a staircase to the Ecumenical Temple.
  5628 | Temple   | Entered the Ecumenical Temple
  5628 | Temple   | Found a transporter.
  5628 | Temple   | Found a transporter.
  5631 | Temple   | Found a transporter.
  5631 | Temple   | Found a transporter.
  5643 | Temple   | Became a worshipper of Warmaster Okawaru
  6001 | D:7      | Noticed Joseph
  6017 | D:7      | Killed Joseph
  6017 | D:7      | Reached * piety under Okawaru
  6018 | D:7      | Reached skill level 11 in Axes
  6018 | D:7      | Reached skill level 1 in Throwing
  6018 | D:7      | Reached skill level 1 in Invocations
  6018 | D:7      | Reached XP level 10. HP: 75/90 MP: 9/9
  6175 | D:7      | Found a runed translucent door.
  6176 | D:7      | Noticed Crazy Yiuf
  6424 | D:7      | Killed Crazy Yiuf
  6497 | D:8      | Noticed Pikel
  6500 | D:8      | Noticed Prince Ribbit
  6741 | D:8      | Killed Pikel
  6741 | D:8      | Reached ** piety under Okawaru
  7055 | D:8      | Killed Prince Ribbit
  7055 | D:8      | Reached *** piety under Okawaru
  7056 | D:8      | Reached skill level 12 in Axes
  7138 | D:8      | Noticed Maggie
  7153 | D:8      | Killed Maggie
  7193 | D:8      | Found Coningay's General Store.
  7206 | D:8      | Bought a potion of heal wounds for 70 gold pieces
  7275 | D:8      | Found Vaegaen's Assorted Antiques.
  7278 | D:8      | Bought a runed cloak for 157 gold pieces
  7278 | D:8      | Bought a scroll labelled GEIQADWUXT for 21 gold pieces
  7278 | D:8      | Bought a scroll labelled TEF YKAXTUA for 21 gold pieces
  7331 | D:8      | Found a white marble altar of Elyvilon.
  7387 | D:8      | Found Wysait's Jewellery Shop.
  7680 | D:8      | Found a sacrificial altar of Ru.
  7680 | D:8      | Found a broken altar of Ashenzari.
  7714 | D:8      | Found Acluqi's Specific Store.
  7716 | D:8      | Found Ostineabb's General Store.
  7774 | D:8      | Found Vyicwafixy's Weapon Boutique.
  8013 | D:9      | Found a runed translucent door.
  8015 | D:9      | Noticed a deep elf pyromancer
  8026 | D:9      | Reached XP level 11. HP: 97/97 MP: 12/12
  8039 | D:9      | Killed a deep elf pyromancer
  8042 | D:9      | Noticed a centaur warrior
  8052 | D:9      | Killed a centaur warrior
  8052 | D:9      | Reached **** piety under Okawaru
  8152 | D:9      | Noticed a great orb of eyes
  8152 | D:9      | Noticed an ogre mage
  8158 | D:9      | Paralysed by an ogre mage for 5 turns
  8164 | D:9      | Killed an ogre mage
  8167 | D:9      | Killed a great orb of eyes
  8168 | D:9      | Reached skill level 13 in Axes
  8320 | D:9      | Noticed a death yak
  8323 | D:9      | Found a staircase to the Lair.
  8323 | D:9      | Noticed a death yak
  8329 | D:9      | Noticed a death yak
  8335 | D:9      | Killed a death yak
  8336 | D:9      | Noticed Grum
  8347 | D:9      | Killed a death yak
  8347 | D:9      | Received a gift from Okawaru
  8348 | D:9      | Reached skill level 10 in Fighting
  8348 | D:9      | Reached skill level 10 in Armour
  8348 | D:9      | Reached skill level 10 in Shields
  8355 | D:9      | Killed Grum
  8355 | D:9      | Killed a death yak
  8413 | D:9      | Identified the +1 robe "Gecirosei" {rC+ rN+ Int+5}
  8425 | D:9      | Found Hyv Uloz's General Store.
  8434 | D:9      | Bought a +0 pair of gloves for 49 gold pieces
  8937 | D:9      | Noticed Maurice
  8951 | D:9      | Killed Maurice
  8952 | D:9      | Reached skill level 5 in Throwing
  8952 | D:9      | Reached skill level 5 in Invocations
  9041 | D:10     | Entered Level 10 of the Dungeon
  9058 | D:10     | Reached ***** piety under Okawaru
  9058 | D:10     | Gained mutation: You have hidden genetic potential. [a
                  | neqoxec]
  9060 | D:10     | Noticed a two-headed ogre
  9060 | D:10     | Gained mutation: Your spells are a little easier to cast,
                  | but a little less powerful. [a neqoxec]
  9075 | D:10     | Killed a two-headed ogre
  9076 | D:10     | Reached XP level 12. HP: 61/107 MP: 6/14
  9242 | D:10     | Reached skill level 14 in Axes
  9477 | D:10     | Noticed a two-headed ogre
  9487 | D:10     | Killed a two-headed ogre
  9565 | D:10     | Noticed a two-headed ogre
  9583 | D:10     | Killed a two-headed ogre
  9583 | D:10     | Received a gift from Okawaru
  9908 | D:10     | Identified the +0 robe of the Everdark {rF+ SInv}
 10501 | D:10     | Identified the +3 kite shield of Moylos {-Tele rC+++ Regen+
                  | Int+3} (Okawaru gifted it to you on level 10 of the
                  | Dungeon)
 10501 | D:10     | Received a gift from Okawaru
 10873 | D:11     | Noticed a two-headed ogre
 10882 | D:11     | Killed a two-headed ogre
 10902 | D:11     | Found a staircase to the Orcish Mines.
 10904 | D:11     | You fall into a shaft and drop 1 floor!
 10906 | D:12     | Noticed a boulder beetle
 10918 | D:12     | Killed a boulder beetle
 10933 | D:12     | Gained mutation: You are partially covered in iridescent
                  | scales. (AC +2) [hidden potential]
 10953 | D:12     | Noticed a centaur warrior
 10960 | D:12     | Noticed a boulder beetle
 10979 | D:12     | Killed a centaur warrior
 10980 | D:12     | Reached skill level 15 in Axes
 10991 | D:12     | Noticed a centaur warrior
 11006 | D:12     | Noticed a boulder beetle
 11018 | D:12     | HP: 5/110 [boulder beetle (7)]
 11018 | D:12     | Noticed a two-headed ogre
 11033 | D:11     | Killed a boulder beetle
 11041 | D:11     | Killed a centaur warrior
 11042 | D:11     | Reached XP level 13. HP: 67/116 MP: 16/16
 11537 | D:11     | Received a gift from Okawaru
 11638 | D:11     | Received a gift from Okawaru
 11654 | D:11     | Gained mutation: You have supernaturally acute eyesight.
                  | (SInv) [hidden potential]
 11654 | D:11     | Lost mutation: You have hidden genetic potential. [hidden
                  | potential expressed]
 11784 | Lair:1   | Entered Level 1 of the Lair of Beasts
 11995 | Lair:1   | Reached skill level 16 in Axes
 12023 | Lair:1   | Noticed Harold
 12046 | Lair:1   | Killed Harold
 12266 | Lair:1   | Noticed Gastronok
 12281 | Lair:1   | Killed Gastronok
 13129 | Lair:2   | Reached ****** piety under Okawaru
 13129 | Lair:2   | Received a gift from Okawaru
 13458 | Lair:2   | Found a staircase to the Shoals.
 13543 | Lair:3   | Found a hole to the Spider Nest.
 14645 | Lair:4   | Reached XP level 14. HP: 126/127 MP: 18/18
 14652 | Lair:4   | Identified the +4 steam dragon scales of the Fife {Harm
                  | rCorr Dex+3} (Okawaru gifted it to you on level 4 of the
                  | Lair of Beasts)
 14652 | Lair:4   | Received a gift from Okawaru
 15512 | Lair:5   | Entered Level 5 of the Lair of Beasts
 15517 | Lair:5   | Noticed Urug
 15532 | Lair:5   | Killed Urug
 15533 | Lair:5   | Reached skill level 17 in Axes
 15601 | Lair:4   | HP: 3/127 [19-headed hydra (6)]
 15601 | Lair:4   | Mangled by a 19-headed hydra

Illustrated notes

Levels and vault maps discovered:
D:1:      dpeg_arrival_concentric_ovals, layout_basic, moated_statue
D:2:      layout_basic, grunt_decor_clamped, mrwooster_statue_mirror,
          serial_bayou_lagoon_a
D:3:      layout_loops_cross, st_stairs_6, roderic_roman_lattice
D:4:      layout_rooms, hellmonk_ghost_happy_afterlife, hex_intersection,
          uniq_eustachio
D:5:      layout_loops_ring, nicolae_ossuary_entry_monument,
          minmay_misc_feat_enclosed, hangedman_decor_push
D:6:      cheibrodos_fzero, layout_loops_ring, serial_shops, shop
D:7:      layout_loops_ring, minmay_temple_entry_junction, uniq_joseph,
          uniq_crazy_yiuf_cottage
D:8:      layout_cave_pools, amethyst_overflow_temple_binary,
          lemuel_coloured_pillars_altar, serial_shops,
          nicolae_shop_gaudy_bauble, nicolae_shop_tiny_real_fake_doors,
          nicolae_shop_rolling_square, nicolae_shop_bloodbath_and_beyond,
          nicolae_specific_store, serial_bayou_pond_a, uniq_maggie,
          uniq_prince_ribbit1, uniq_pikel
D:9:      layout_irregular_city, dpeg_lair_monsters, serial_shops, shop,
          minivault_13, uniq_maurice, uniq_grum
D:10:     kennysheep_blocky_room, layout_loops_corners, serial_demonic,
          serial_demonic_c, serial_demonic_e, serial_demonic_e,
          serial_demonic_d, serial_demonic_g
D:11:     minmay_slanted_spiral_squares, layout_basic, orc_0_dummy,
          abandoned_shop
D:12:     minmay_the_grid_square_5x5_4x4 [minmay_the_grid_square_5x5_forky,
          minmay_the_grid_square_5x5_six, minmay_the_grid_square_5x5_bracketed,
          minmay_the_grid_square_5x5_checkered_statues,
          minmay_the_grid_square_5x5_eight_small,
          minmay_the_grid_square_5x5_prize_monsterx,
          minmay_the_grid_square_5x5_prize_junk, minmay_the_grid_square_5x5_n,
          minmay_the_grid_square_5x5_hourglass,
          minmay_the_grid_square_5x5_prize_gold,
          minmay_the_grid_square_5x5_prize_deathbox,
          minmay_the_grid_square_5x5_two_walls_b,
          minmay_the_grid_square_5x5_hollow_slash, minmay_the_grid_square_5x5_v,
          minmay_the_grid_square_5x5_inset, minmay_the_grid_square_5x5_inner_v],
          layout_rooms
Temple:   hellmonk_temple_divided_pantheon
Lair:1:   layout_hall_layers, chequers_serial_rivers_micro_b, uniq_harold,
          uniq_gastronok
Lair:2:   layout_cave_pods, minmay_shoals_entry_lonely_mermaid
Lair:3:   layout_layer_cave, nicolae_spider_entry_non_spiders,
          serial_bayou_shore_b
Lair:4:   layout_small_grid, infiniplex_staircase_pool_2, grunt_megastairs_5,
          lemuel_fruit_fields
Lair:5:   gammafunk_lair_ancient_temple, layout_regular_city,
          minmay_slime_entry_oklob_open, uniq_nessos, uniq_urug

Skill      XL: |  1  2  3  4  5  6  7  8  9 10 11 12 13 14 |
---------------+-------------------------------------------+-----
Axes           | 3 4 5 6 7 9 11 12 13 15 16 17 | 17.2
Shields        | 4 5 6 7 8 9 10 11 12 | 12.8
Fighting       | 4 5 6 7 8 9 10 11 12 | 12.9
Armour         | 4 5 6 7 8 9 10 11 12 | 12.8
Throwing       | 1 3 5 6 7 8 |  8.3
Invocations    | 1 3 5 6 7 8 |  8.4

Action                     |  1- 3 |  4- 6 |  7- 9 | 10-12 | 13-15 || total
---------------------------+-------+-------+-------+-------+-------++-------
  Melee: War axe           |    65 |   102 |   262 |   547 |   295 ||  1271
         Headbutt          |     9 |    13 |    50 |   132 |   119 ||   323
         Broad axe         |       |       |       |       |   170 ||   170
  Throw: Dart              |       |     4 |       |       |       ||     4
         Boomerang         |       |     4 |       |    11 |     9 ||    24
 Invoke: Heroism           |       |       |       |     9 |     3 ||    12
         Finesse           |       |       |       |     4 |     3 ||     7
  Evoke: Wand              |       |       |       |       |     1 ||     1
    Use: Scroll            |     3 |     6 |    14 |     7 |     6 ||    36
         Potion            |       |       |     7 |     3 |     2 ||    12
 Armour: Scale mail        |    50 |    27 |       |       |       ||    77
         Crystal plate arm |       |   118 |   301 |   577 |   549 ||  1545
  Dodge: Dodged            |    35 |    44 |    72 |   145 |   125 ||   421
  Block: Buckler           |    20 |    41 |    75 |   138 |       ||   274
         Kite shield       |       |       |       |   132 |   409 ||   541
